 Dungeon Crawl Stone Soup version 0.30-a0-169-g06f667207d (webtiles) character file.

Game seed: 12949633459027296790

93 RepoMan the Poker (level 4, -2/35 HPs)
             Began as a Mummy Fighter on Sept 30, 2022.
             Slain by an orc priest
             ... wielding a +2 whip of freezing
              (4 damage)
             ... on level 4 of the Dungeon.
             The game lasted 00:11:08 (2343 turns).

RepoMan the Poker (Mummy Fighter)                   Turns: 2343, Time: 00:11:08

Health: -2/35      AC: 12    Str: 21    XL:     4   Next: 36%
Magic:  4/4        EV:  7    Int:  7    God:
Gold:   62         SH:  4    Dex: 11    Spells: 3/3 levels left

rFire   x . .      SeeInvis .    a - +0 trident (venom)
rCold   + . .      Faith    +    c - +0 buckler
rNeg    + + +      Spirit   .    l - +3 ring mail
rPois   ∞          Reflect  .    (no helmet)
rElec   .          Harm     .    e - +0 cloak
rCorr   .          Rampage  .    m - +2 pair of gloves
Will    .....                    (no boots)
Stlth   +.........               (no amulet)
HPRegen 0.11/turn                (no ring)
MPRegen 0.09/turn                (no ring)

@: constricted
A: cold resistance 1, negative energy resistance 3, torment resistance 2, heat
vulnerability 1, in touch with death 1, no potions, faith
a: no special abilities


You were on level 4 of the Dungeon.
You visited 1 branch of the dungeon, and saw 5 of its levels.

You collected 62 gold pieces.

Inventory:

Hand Weapons
 a - a +0 trident of venom (weapon)
Missiles
 d - 51 stones (quivered)
Armour
 c - a +0 buckler (worn)
 e - a +0 cloak (worn)
 l - a +3 ring mail (worn)
 m - a +2 pair of gloves (worn)
Wands
 k - a wand of flame (16)
Scrolls
 i - a scroll of magic mapping
 j - a scroll of brand weapon


   Skills:
 - Level 3.0 Fighting
 * Level 3.9 Polearms
 - Level 2.4 Armour
 - Level 2.4 Shields


You had 3 spell levels left.
You didn't know any spells.
Your spell library contained the following spells:

 Spells                   Type           Power      Damage    Failure   Level
 Dazzling Flash           Conj/Hex       0%         N/A       97%         3
 Ozocubu's Armour         Ice            0%         N/A       97%         3
 Stone Arrow              Conj/Erth      0%         3d7       97%         3
 Animate Armour           Summ/Erth      0%         N/A       100%        4
 Iskenderun's Mystic Bla  Conj/Tloc      0%         2d3       100%        4
 Starburst                Conj/Fire      0%         6d3       100%        6
 Ozocubu's Refrigeration  Ice            0%         4d7       100%        7
 Lehudib's Crystal Spear  Conj/Erth      0%         10d2      100%        8


Dungeon Overview and Level Annotations

Branches:
Dungeon (5/15)
 Temple: D:4-7

Altars:
Fedhas

Annotations:
D:3 2 runed translucent doors, Aibolit's ghost, amateur DjHW; Crazy Yiuf


Innate Abilities, Weirdness & Mutations

You are immune to poison.
Your flesh is cold resistant. (rC+)
You are immune to negative energy. (rN+++)
You are immune to unholy pain and torment.
You are vulnerable to heat. (rF-)
You are in touch with the powers of death.
You do not drink.
You have a special connection with the divine. (Faith)


Message History

The ball python constricts you.
The orc priest hits you but does no damage.
The gnoll hits you but does no damage.
You closely miss the orc priest. The ball python barely misses you.
The ball python bites you but does no damage.
The ball python constricts you. The gnoll hits you but does no damage.
The orc priest closely misses you.
Okay, then.
Unknown command.
Sorry, you're not good enough to have a special ability.
You don't know any spells.
Unknown command.
Unknown command.
Unknown command.
You puncture the orc priest!
The orc priest is poisoned.
The orc priest is heavily wounded.
The ball python bites you.
* * * LOW HITPOINT WARNING * * *
The ball python barely misses you. The ball python constricts you.
The gnoll barely misses you.
The ball python bites you but does no damage.
The orc priest hits you but does no damage.
You completely miss the orc priest.
The orc priest is heavily wounded.
The ball python bites you but does no damage.
The ball python constricts you. The ball python barely misses you.
The gnoll hits you but does no damage.
A gnoll comes into view. It is wielding a +0 vorpal halberd.
The orc priest hits you but does no damage.
The ball python bites you but does no damage.
The ball python constricts you.
You hit the orc priest.
The orc priest looks as sick as possible!
The orc priest is severely wounded.
The ball python bites you but does no damage.
The gnoll hits you but does no damage.
The ball python bites you but does no damage.
The ball python constricts you.
The orc priest hits you with a +2 whip of freezing.
You die...

#.# #.# ###
#.####(##
#.......##
#####b#.#b##
#....b.b.bb#
#.###b#b#O##
##.KSS#
##.#@# #.#o#


.obog ....g.. ##....bb. ##..bbbb. ##.bb.... ##..b.... You could see an ogre
(ally target), an orc priest (extremely poisoned), 2 gnolls, an orc (ally
target), 2 ball pythons and a kobold (ally target).

Vanquished Creatures
  A gnoll (D:4)
  2 adders
  A worm (D:2)
  A dart slug (D:1)
  2 orcs
  9 endoplasms
  3 giant cockroaches
  8 goblins
  3 hobgoblins
  8 kobolds
  A quokka (D:1)
  5 ball pythons
  6 bats
  3 frilled lizards
  2 rats
55 creatures vanquished.

Vanquished Creatures (others)
  2 fungi (D:5)
  2 plants (D:5)
4 creatures vanquished.

Grand Total: 59 creatures vanquished

Notes
Turn   | Place    | Note
-------+----------+-------------------------------------------
     0 | D:1      | RepoMan the Mummy Fighter began the quest for the Orb.
     0 | D:1      | Reached XP level 1. HP: 18/18 MP: 1/1
   137 | D:1      | Reached XP level 2. HP: 24/24 MP: 2/2
   901 | D:2      | Gained mutation: You are in touch with the powers of death.
                  | [Mummy growth]
   901 | D:2      | Reached XP level 3. HP: 29/29 MP: 3/3
  1638 | D:3      | Identified the +2 leather armour of Muyrad {Str+3}
  1645 | D:3      | Found a runed translucent door.
  1646 | D:3      | Noticed Crazy Yiuf
  1729 | D:3      | Found a runed translucent door.
  1732 | D:3      | Reached XP level 4. HP: 35/35 MP: 4/4
  1736 | D:3      | Noticed Aibolit's ghost (amateur DjHW)
  2223 | D:3      | You fall into a shaft and drop 2 floors!
  2223 | D:5      | Entered Level 5 of the Dungeon
  2255 | D:5      | Found a blossoming altar of Fedhas.
  2255 | D:5      | Noticed a two-headed ogre
  2296 | D:4      | Noticed an ogre
  2343 | D:4      | Slain by an orc priest

Illustrated notes

Levels and vault maps discovered:
D:1:      ebering_trefoil_3fold, layout_basic, nicolae_figureground_pulse
D:2:      layout_rooms, minmay_misc_feat_cross
D:3:      layout_loops_corners, ebering_ghost_reflecting_pool,
          minmay_hedge_maze, uniq_crazy_yiuf_cottage
D:4:      layout_loops_ring, nicolae_overflow_hidden_temple,
          kennysheep_crisscross, nicolae_shop_clearance, uniq_sigmund
D:5:      layout_rooms, fedhas_altar_3, evilmike_ruin_ashenzari, serial_shops,
          kennysheep_mini_moat

Skill      XL: |  1  2  3 |
---------------+----------+-----
Polearms       | 2 3 |  3.9
Fighting       | |  3.0
Armour         | |  2.4
Shields        | |  2.4

Action                   |  1- 3 |  4- 6 || total
-------------------------+-------+-------++-------
Melee: Trident           |   115 |    45 ||   160
Throw: Stone             |     3 |    11 ||    14
  Use: Scroll            |       |     5 ||     5
Armor: Scale mail        |    34 |       ||    34
       Ring mail         |       |    45 ||    45
Dodge: Dodged            |    29 |    29 ||    58
Block: Buckler           |     9 |    10 ||    19

Table legend: (Time is in decaauts)
 A = Elapsed time spent in this place.
 B = Non-inter-level travel time spent in this place.
 C = Inter-level travel time spent in this place.
 D = Time resting spent in this place.
 E = Time spent auto-exploring this place.
 F = Levels seen in this place.
 G = Mean time per level.
                   A        B        C        D        E       F      G
               +--------+--------+--------+--------+--------+-----+--------+
         Total |   2374 |   2347 |     27 |    133 |   1482 |   5 |  474.8 |
       Dungeon |   2374 |   2347 |     27 |    133 |   1482 |   5 |  474.8 |
               +--------+--------+--------+--------+--------+-----+--------+

Top non-repeatable levels by time:
     D:3: 883 daAuts
     D:1: 819 daAuts
     D:2: 550 daAuts
     D:5: 64 daAuts
     D:4: 57 daAuts
